 Dungeon Crawl Stone Soup version 0.20.1-1-g8b1a95d (webtiles) character file.

429 vatarom the Conjurer (level 6, 0/47 HPs)
             Began as a Draconian Wizard on Sept 11, 2017.
             Succumbed to a killer bee's poison
             ... on level 4 of the Dungeon.
             The game lasted 00:10:20 (5299 turns).

vatarom the Conjurer (Draconian Wizard)             Turns: 5299, Time: 00:10:21

Health: 0/47       AC:  9    Str:  9 (10) XL:     6   Next: 66%
Magic:  0/12       EV: 12    Int: 20      God:
Gold:   209        SH:  0    Dex:  9      Spells: 2/13 levels left

rFire    + . .     SeeInvis .   a - +0 dagger (speed)
rCold    . . .     Gourm    +   (no shield)
rNeg     . . .     Faith    .   (armour unavailable)
rPois    .         Spirit   .   g - +1 hat
rElec    .         Reflect  .   (no cloak)
rCorr    .         Harm     .   i - +0 pair of gloves
MR       .....                  s - +0 pair of boots
Stlth    ++........             j - amulet of the gourmand
Regen    0.2/turn               o - ring of protection from fire
MPRegen  0.2/turn               (no ring)

@: lethally poisoned (0 -> -15)
A: unfitting armour, cold-blooded, AC +6
a: no special abilities


You were on level 4 of the Dungeon.
You were very full.

You visited 1 branch of the dungeon, and saw 5 of its levels.

You collected 209 gold pieces.

Inventory:

Hand Weapons
 a - a +0 dagger of speed (weapon)
 b - a +0 hunting sling
Missiles
 n - 101 stones (quivered)
Armour
 g - a +1 hat (worn)
 i - a +0 pair of gloves (worn)
 s - a +0 pair of boots (worn)
 u - the cursed +0 buckler of the Farrier {rN+ SInv Stlth-}
   (You found it on level 4 of the Dungeon)

   It protects you from negative energy.
   It lets you see invisible.
   It makes you less stealthy.
   It has a curse placed upon it.
Jewellery
 j - an amulet of the gourmand (around neck)
 o - a ring of protection from fire (left hand)
 r - an uncursed ring of ice
Wands
 e - a wand of paralysis (10/24)
 q - a wand of iceblast (4/15)
 t - a wand of flame (32/48)
Scrolls
 d - 8 scrolls of remove curse
 v - 2 scrolls of teleportation
 w - a scroll of recharging
Potions
 h - a potion of degeneration
 p - 2 potions of cancellation
Books
 m - a book of Minor Magic

   Spells                             Type                      Level
   a - Magic Dart                     Conjuration                  1
   b - Blink                          Translocation                2
   c - Call Imp                       Summoning                    2
   d - Slow                           Hexes                        2
   e - Conjure Flame                  Conjuration/Fire             3
   f - Mephitic Cloud                 Conjuration/Poison/Air       3
Comestibles
 c - 3 bread rations
 f - 4 royal jellies
 k - 3 meat rations


   Skills:
 - Level 1.3 Fighting
 - Level 1.7 Dodging
 - Level 1.7 Stealth
 * Level 1.6 Shields
 + Level 4.1 Spellcasting
 * Level 4.6 Conjurations
 - Level 2.0 Summonings
 - Level 1.0 Translocations
 - Level 2.2 Air Magic


You had 2 spell levels left.
You knew the following spells:

 Your Spells              Type           Power        Failure   Level  Hunger
a - Magic Dart            Conj           ###.         1%          1    None
b - Call Imp              Summ           ##......     9%          2    #......
c - Blink                 Tloc           N/A          13%         2    #......
d - Mephitic Cloud        Conj/Pois/Air  ##......     14%         3    ###....
e - Conjure Flame         Conj/Fire      ##......     14%         3    ###....


Dungeon Overview and Level Annotations

Branches:
Dungeon (5/15)
 Temple: D:4-7

Altars:
Cheibriados
Fedhas

Shops:
D:4 [


Innate Abilities, Weirdness & Mutations

Your plain brown scales are hard. (AC +6)
You cannot fit into any form of body armour.
You are cold-blooded and may be slowed by cold attacks.


Message History

Casting: Magic Dart
Confirm with . or Enter, or press ? or * to list all spells.
You don't have enough magic to cast that spell.
You swap places.
* * * LOW HITPOINT WARNING * * *
You feel sick. The killer bee barely misses you. The killer bee stings you.
* * * LOW HITPOINT WARNING * * *
You are more poisoned.
The killer bee poisons you!
Your shadow imp misses the killer bee.
Unknown command.
* * * LOW HITPOINT WARNING * * *
You feel sick. The killer bee closely misses you.
Your shadow imp completely misses the killer bee.
Unknown command.
Really attack while wielding your +0 hunting sling?
Okay, then.
Wield which item (- for none, * to show all)? (? for menu, Esc to quit)
Your hands tingle!
a - a +0 dagger of speed (weapon)
You die...

#...............#######
#......##..............
#......##..............
#.......#..........†...
#.......#..............
#......###########.....
##.....##.......##.....
#########.......#......
#.....@.#.......#......
##....y5#.......#......
#....5##.......##.....
#...(.##.......#####'#
#####'###.......##.....
#......................
##.....................
#########.....................
#......##.....##.......###'###


You could see a killer bee, a friendly crimson imp and a friendly shadow imp.

Vanquished Creatures
  A killer bee (D:5)
  A hound (D:4)
  A bullfrog skeleton (D:4)
  Natasha (D:4)
  An iguana (D:4)
  6 adders
  4 gnolls (D:3)
  An ooze (D:2)
  2 worms (D:3)
  4 leopard geckos
  2 orcs
  A ball python (D:1)
  9 bats
  7 giant cockroaches
  9 goblins
  5 hobgoblins
  5 jackals (D:4)
  A quokka (D:2)
  4 frilled lizards
  A quokka skeleton (D:4)
  9 rats
75 creatures vanquished.

Vanquished Creatures (collateral kills)
  An ogre (D:4)
  Ijyb (D:4)
  Natasha (twice) (D:4)
  An adder (D:2)
  2 worms
  A jackal (D:4)
  A frilled lizard (D:4)
  A jackal skeleton (D:4)
  A kobold (D:3)
11 creatures vanquished.

Grand Total: 86 creatures vanquished

Notes
Turn   | Place    | Note
-------+----------+-------------------------------------------
     0 | D:1      | vatarom the Draconian Wizard began the quest for the Orb.
     0 | D:1      | Reached XP level 1. HP: 14/14 MP: 4/4
   316 | D:1      | Reached skill level 1 in Fighting
   325 | D:1      | Reached XP level 2. HP: 23/23 MP: 3/6
   363 | D:1      | Learned a level 2 spell: Call Imp
   366 | D:1      | Learned a level 2 spell: Blink
  1449 | D:2      | Reached XP level 3. HP: 17/28 MP: 0/7
  2018 | D:2      | Reached XP level 4. HP: 35/35 MP: 2/9
  2294 | D:2      | Learned a level 3 spell: Mephitic Cloud
  3304 | D:3      | Found a snail-covered altar of Cheibriados.
  3464 | D:3      | Reached XP level 5. HP: 31/40 MP: 1/10
  3910 | D:4      | Found Kuzy's Armour Shop.
  3933 | D:4      | Noticed Natasha
  3937 | D:4      | Killed Natasha
  3982 | D:4      | Reached skill level 1 in Air Magic
  4399 | D:4      | Noticed Natasha
  4406 | D:4      | Killed Natasha
  4437 | D:4      | Learned a level 3 spell: Conjure Flame
  4454 | D:4      | Noticed Natasha
  4459 | D:4      | Killed Natasha
  4560 | D:4      | Reached XP level 6. HP: 46/47 MP: 4/11
  4589 | D:4      | Got a fine buckler
  4644 | D:4      | Identified the cursed +0 buckler of the Farrier {rN+ SInv Stlth-} (You found it on level 4 of the Dungeon)
  4671 | D:4      | Noticed Ijyb
  4672 | D:4      | Paralysed by Ijyb for 4 turns
  4685 | D:4      | Paralysed by Ijyb for 7 turns
  4692 | D:4      | Killed Ijyb
  5010 | D:4      | Reached skill level 1 in Shields
  5172 | D:5      | Entered Level 5 of the Dungeon
  5172 | D:5      | Found a blossoming altar of Fedhas.
  5297 | D:4      | HP: 2/47 [killer bee (4)]
  5299 | D:4      | Succumbed to a killer bee's poison

Skill      XL: |  1  2  3  4  5  6 |
---------------+-------------------+-----
Fighting       | 1 |  1.3
Conjurations   | 2 3 4 |  4.6
Summonings     | 2 |  2.0
Air Magic      | 1 2 |  2.2
Shields        | 1 |  1.6
Spellcasting   | 4 |  4.1
Dodging        | |  1.7
Stealth        | |  1.7
Translocations | |  1.0

Action                   |  1- 3 |  4- 6 || total
-------------------------+-------+-------++-------
Melee: Dagger            |    35 |    82 ||   117
       Tailslap          |     3 |     3 ||     6
 Fire: Hunting sling     |       |     5 ||     5
 Cast: Magic Dart        |    75 |   155 ||   230
       Call Imp          |     7 |    20 ||    27
       Mephitic Cloud    |       |     4 ||     4
       Conjure Flame     |       |     2 ||     2
  Use: Scroll            |     4 |     4 ||     8
       Potion            |     3 |     1 ||     4
 Stab: Confused          |       |     2 ||     2
  Eat: Chunk             |     3 |    21 ||    24
Armor: Skin              |    18 |    62 ||    80
Dodge: Dodged            |    26 |   109 ||   135
